 Dungeon Crawl Stone Soup version 0.25-a0-842-g81a31cfd23 (webtiles) character file.

Game seed: 11264240004348807184, levelgen mode: deterministic

49 Conn the Firebug (level 3, -3/21 HPs)
             Began as an Octopode Fire Elementalist on Apr 24, 2020.
             Slain by a kobold
             ... wielding a +0 whip
              (6 damage)
             ... on level 3 of the Dungeon on Apr 25, 2020.
             The game lasted 00:07:19 (1585 turns).

Conn the Firebug (Octopode Fire Elementalist)       Turns: 1585, Time: 00:07:19

Health: -3/21      AC:  1    Str:  7    XL:     3   Next: 77%
Magic:  2/6        EV: 13    Int: 18    God:
Gold:   59         SH:  0    Dex: 12    Spells: 2/6 levels left

rFire    . . .     SeeInvis .   c - +0 dagger
rCold    . . .     Gourm    .   (no shield)
rNeg     . . .     Faith    .   (helmet restricted)
rPois    .         Spirit   .   (no amulet)
rElec    .         Reflect  .   (no ring)
rCorr    .         Harm     .   (no ring)
MR       .....                  (no ring)
Stlth    +++.......             (no ring)
HPRegen  0.07/turn              (no ring)
MPRegen  0.10/turn              (no ring)
                                (no ring)
                                (no ring)

@: lethally poisoned (-3 -> -6), flying, very slightly contaminated
A: almost no armour, stealthy swim, amphibious, 8 rings, constrict 8, camouflage
1, gelatinous body 1
a: no special abilities


You were on level 3 of the Dungeon.
You were hungry.

You visited 1 branch of the dungeon, and saw 3 of its levels.

You collected 59 gold pieces.

Inventory:

Hand Weapons
 c - a +0 dagger (weapon)
Missiles
 g - 5 curare-tipped darts (quivered)
Scrolls
 a - a scroll of enchant weapon {unknown}
 d - 4 scrolls of teleportation {unknown}
 e - a scroll of random uselessness {unknown}
 f - a scroll of fear {unknown}
 h - a scroll of remove curse {unknown}
Comestibles
 b - 4 rations


   Skills:
 + Level 0.1 Fighting
 + Level 2.4 Dodging
 + Level 3.0 Stealth
 + Level 2.3 Spellcasting
 + Level 1.4 Conjurations
 + Level 3.7 Fire Magic


You had 2 spell levels left.
You knew the following spells:

 Your Spells              Type           Power        Failure   Level  Hunger
a - Foxfire               Conj/Fire      ##..         6%          1    #......
b - Conjure Flame         Conj/Fire      ##......     19%         3    ###....

Your spell library contained the following spells:

 Spells                   Type           Power        Failure   Level  Hunger
 Inner Flame              Hex/Fire       #.......     24%         3    ###....
 Sticky Flame             Conj/Fire      ##......     52%         4    #####..
 Fireball                 Conj/Fire      ##........   86%         5    ######.


Dungeon Overview and Level Annotations

Branches:
Dungeon (3/15)

Altars:

Annotations:
D:2 Terence


Innate Abilities, Weirdness & Mutations

You cannot wear most types of armour.
You are very stealthy in the water. (Stealth+)
You are amphibious.
You can wear up to eight rings at the same time.
You can use your tentacles to constrict eight enemies at once.
Your skin changes colour to match your surroundings (Stealth+).
Your rubbery body absorbs attacks. (AC +1, EV +1)


Message History

The adder is severely wounded.
The foxfire hits the adder but does no damage.
The adder is severely wounded.
The adder bites you.
Casting: Foxfire (safe; 6% risk of failure)
Confirm with . or Enter, or press ? or * to list all spells.
You conjure some foxfire!
The adder completely misses you. The adder bites you.
* * * LOW HITPOINT WARNING * * *
You are lethally poisoned!
The adder poisons you!
* * * LOW HITPOINT WARNING * * *
You feel sick.
The foxfire hits the adder.
The adder is almost dead.
The foxfire hits the adder.
You kill the adder!
Your Stealth skill increases to level 3!
It was a potion of flight.
You feel very buoyant.
You fly up into the air.
The kobold hits you with a +0 whip.
You die...

...# #.# #.# .#.# #.# #.#
.#.# #.# #.# +# .#.###.#
#.# ... .......###.####
.... ##.######.†.#.##
..<..
.#)######......####).....
...............§.K'......
.#.#######.....§@##......
##.# #.##..#.# ..... #.#
#.###.#.# .... #.# #.#
#.#.# ... #)# #.# #.#.#
+# #.# #.# #.#.# #.# #.#
#.#.# ..#


You could see a kobold.

Vanquished Creatures
  An adder (D:3)
  A worm (D:2)
  A ball python (D:3)
  A giant cockroach (D:2)
  2 goblins
  A hobgoblin (D:1)
  12 jackals
  6 kobolds
  2 bats (D:1)
  A frilled lizard (D:2)
  A leopard gecko skeleton (D:2)
  3 rats (D:2)
32 creatures vanquished.

Vanquished Creatures (others)
  66 foxfires
66 creatures vanquished.

Grand Total: 98 creatures vanquished

Notes
Turn   | Place    | Note
-------+----------+-------------------------------------------
     0 | D:1      | Conn the Octopode Fire Elementalist began the quest for the
                  | Orb.
     0 | D:1      | Reached XP level 1. HP: 11/11 MP: 3/3
   280 | D:1      | Reached XP level 2. HP: 16/17 MP: 3/5
   662 | D:2      | Reached XP level 3. HP: 14/21 MP: 3/6
   804 | D:2      | Noticed Terence
   812 | D:2      | Learned a level 3 spell: Conjure Flame
  1585 | D:3      | Slain by a kobold

Levels and vault maps discovered:
D:1:      minmay_arrival_cross, layout_basic
D:2:      layout_basic, uniq_terence
D:3:      layout_loops_corners, gammafunk_temple_overflow_claw,
          gammafunk_ghost_split, minmay_misc_feat_rugged

Skill      XL: |  1  2  3 |
---------------+----------+-----
Stealth        | 3 |  3.0
Fighting       | |  0.1
Dodging        | |  2.4
Spellcasting   | |  2.3
Conjurations   | |  1.4
Fire Magic     | |  3.7

Action                   || total
-------------------------++-------
Melee: Dagger            ||    34
       Constrict         ||    11
       Tentacles         ||     9
 Cast: Foxfire           ||    40
       Conjure Flame     ||     1
  Use: Potion            ||     2
 Stab: Sleeping          ||     2
  Eat: Chunk             ||     2
Armor: Skin              ||     6
Dodge: Dodged            ||    51

Table legend:
 A = Non-vault XP
 B = Vault XP
 C = Vault XP percentage of total XP
 D = Non-vault monster count
 E = Vault monster count
 F = Vault count percentage of total count
                 A         B        C        D         E       F
            +---------+---------+-------+---------+---------+-------
      Total |      71 |       0 |   0.0 |      32 |       0 |   0.0
            +---------+---------+-------+---------+---------+-------
        D:1 |      22 |       0 |   0.0 |      12 |       0 |   0.0
        D:2 |      32 |       0 |   0.0 |      17 |       0 |   0.0
        D:3 |      17 |       0 |   0.0 |       3 |       0 |   0.0
            +---------+---------+-------+---------+---------+-------
